Map: Eternal Empire LE

Players

SKillous

  • Race: Protoss Protoss
  • League: Grandmaster
  • Spawn Location: 7:00

Rail - Winner!

  • Race: Protoss Protoss
  • League: Grandmaster
  • Spawn Location: 1:00

Event: DreamHack SC2 Masters 2020 Summer Europe

VOD

Have the link to the VOD?

Description

Time

  • Played on: June 25, 2020, 1:11 p.m.
  • Length: 10:49

All games in this series

Show
View Real Time Build Order
Export as new Build Order

SKillous Protoss 

Build Orders: Blink Stalkers, Zealot Archon 

Get SALT Encoding   

  12  0:01  Probe  
  13  0:13  Probe  
  14  0:17  Pylon  
  14  0:24  Probe  
  15  0:33  Probe  
  15  0:40  Gateway  
  15  0:41  Probe  
  16  0:47  Assimilator  
  17  0:52  Probe  
  17  0:55  Assimilator  
  18  1:00  Probe  
  19  1:08  Probe  
  19  1:11  Gateway  
  19  1:18  Probe  
  21  1:27  Cybernetics Core  
  21  1:30  Probe  
  22  1:35  Pylon  
  22  1:42  Probe  
  23  1:54  Probe  
  24  2:03  Stalker  
  24  2:04  Stalker, Warp Gate  
  28  2:14  Pylon  
  28  2:27  Pylon  
  28  2:34  Sentry  
  32  2:39  Stalker  
  32  2:49  Nexus  
  32  2:53  Probe  
  33  3:02  Shield Battery  
  33  3:05  Probe  
  34  3:14  Twilight Council  
  34  3:17  Probe  
  35  3:29  Probe  
  36  3:35  Pylon  
  36  3:37  Shield Battery  
  35  3:41  Probe  
  35  3:43  Blink  
  33  3:53  Probe  
  32  3:59  Adept x2  
  32  4:02  Probe  
  36  4:03  Probe  
  38  4:10  Probe  
  38  4:15  Probe  
  40  4:22  Probe  
  41  4:25  Probe  
  41  4:27  Adept  
  41  4:28  Adept  
  42  4:33  Probe  
  42  4:34  Probe  
  43  4:43  Probe  
  43  4:44  Forge  
  43  4:46  Probe  
  45  4:55  Probe  
  45  4:56  Protoss Ground Weapons Level 1  
  45  4:58  Probe  
  47  5:00  Pylon  
  47  5:06  Probe  
  47  5:08  Probe  
  47  5:14  Probe  
  49  5:16  Gateway  
  49  5:18  Probe  
  51  5:25  Probe  
  51  5:26  Gateway, Probe  
  52  5:29  Assimilator  
  52  5:31  Assimilator  
  52  5:34  Probe  
  53  5:37  Probe  
  55  5:46  Gateway x2, Probe  
  55  5:49  Probe  
  57  6:03  Probe  
  58  6:04  Robotics Facility  
  58  6:11  Charge  
  58  6:12  Pylon  
  58  6:18  Templar Archives  
  58  6:23  Nexus  
  58  6:24  Pylon  
  58  6:27  Probe  
  60  6:34  Templar Archives  
  59  6:45  Protoss Ground Weapons Level 2  
  57  6:47  Zealot x2  
  57  6:48  Gateway x2  
  57  6:52  Observer  
  60  6:55  Probe x2  
  60  6:58  Shield Battery  
  60  6:59  High Templar x4  
  70  7:02  Pylon  
  70  7:03  Archon x2  
  70  7:14  Shield Battery  
  70  7:17  Zealot x2  
  74  7:24  Shield Battery  
  74  7:31  High Templar x2  
  74  7:32  Zealot x2  
  74  7:36  Archon  
  82  7:39  Zealot x2  
  86  7:44  Zealot  
  86  7:45  Zealot  
  90  7:56  Zealot x2  
  90  7:58  Shield Battery  
  80  8:05  Zealot x3  
  80  8:06  Zealot x2  
  80  8:12  Shield Battery  
  90  8:13  High Templar  
  90  8:16  High Templar  
  90  8:17  Zealot  
  96  8:21  Archon  
  96  8:27  High Templar x2  
  96  8:31  Archon  
  96  8:32  Pylon  
  100  8:34  Pylon  
  100  8:40  Zealot  
  100  8:49  Pylon  
  100  8:50  Stalker x3  
  100  8:52  Zealot  
  100  8:53  Zealot  
  110  9:01  Zealot x2  
  110  9:02  Zealot  
  92  9:13  High Templar x2, Zealot x3  
  100  9:17  Archon  
  100  9:22  Zealot x3  
  98  9:34  Zealot x3  
  86  9:42  Zealot x3  
  65  9:49  Zealot x2  
  55  9:54  Zealot x2  
  55  10:02  High Templar x3  
  55  10:03  High Templar  
  55  10:06  Archon x2  
  63  10:08  Zealot  
  63  10:10  Zealot  
  67  10:17  Zealot x2  
  65  10:25  Zealot  
  61  10:28  High Templar  
  61  10:32  Zealot  
  53  10:37  High Templar  
Show
View Real Time Build Order
Export as new Build Order

Rail Protoss - Winner!

Build Orders: Phoenix Opening, Zealot Archon 

Get SALT Encoding   

  12  0:01  Probe  
  13  0:13  Probe  
  14  0:17  Pylon  
  14  0:24  Probe  
  15  0:32  Probe  
  15  0:37  Gateway  
  15  0:40  Probe  
  16  0:46  Assimilator  
  17  0:51  Probe  
  17  0:54  Assimilator  
  18  1:00  Probe  
  19  1:07  Gateway  
  19  1:08  Probe  
  19  1:17  Probe  
  20  1:24  Cybernetics Core  
  21  1:30  Probe  
  22  1:34  Pylon  
  22  1:42  Probe  
  23  1:54  Probe  
  24  2:02  Adept x2  
  24  2:03  Warp Gate  
  24  2:06  Probe  
  29  2:12  Pylon  
  29  2:33  Sentry x2  
  33  2:40  Nexus  
  32  2:50  Robotics Facility  
  32  2:52  Probe  
  33  3:03  Pylon  
  33  3:04  Probe  
  34  3:09  Phoenix  
  34  3:16  Probe  
  35  3:28  Probe  
  35  3:29  Immortal  
  36  3:41  Probe  
  41  3:51  Stalker x2  
  41  3:53  Probe  
  44  4:02  Twilight Council, Shield Battery  
  42  4:05  Probe  
  42  4:07  Probe  
  42  4:08  Observer  
  44  4:17  Probe  
  44  4:23  Probe  
  41  4:27  Probe  
  42  4:31  Probe  
  42  4:35  Probe  
  43  4:39  Probe  
  43  4:45  Probe  
  45  4:49  Probe  
  47  4:53  Probe  
  47  4:57  Probe  
  48  5:01  Probe  
  48  5:03  Shield Battery  
  48  5:05  Probe  
  50  5:10  Assimilator  
  50  5:11  Probe  
  52  5:19  Immortal  
  56  5:22  Probe  
  56  5:25  Probe  
  56  5:27  Assimilator  
  58  5:33  Forge  
  58  5:38  Probe  
  58  5:41  Probe  
  58  5:42  Charge  
  60  5:44  Protoss Ground Weapons Level 1  
  60  5:47  Gateway x2  
  60  5:50  Probe  
  60  5:53  Probe  
  60  5:56  Pylon  
  62  5:58  Gateway  
  62  6:00  Gateway  
  62  6:12  Pylon  
  62  6:14  Templar Archives, Pylon  
  62  6:20  Shield Battery  
  62  6:21  Warp Prism  
  62  6:25  Gateway  
  62  6:26  Gateway  
  64  6:35  Zealot  
  64  6:38  Zealot  
  67  6:45  Probe  
  66  6:51  High Templar x2  
  70  6:56  Archon, High Templar x2  
  70  6:59  Zealot x2  
  70  7:00  Archon  
  78  7:02  Pylon  
  78  7:08  Pylon  
  78  7:12  Pylon  
  78  7:22  High Templar x2, Zealot x2  
  84  7:24  Zealot x2  
  84  7:26  Archon  
  84  7:28  Zealot x2  
  94  7:32  Pylon  
  94  7:46  High Templar x2, Zealot x2  
  94  7:49  Zealot x2  
  94  7:50  Archon  
  106  7:57  Zealot x2  
  106  8:08  Warp Prism, Pylon  
  106  8:11  High Templar x2, Zealot x2  
  114  8:14  Pylon  
  114  8:15  Archon  
  116  8:28  Pylon  
  116  8:34  Zealot x3  
  122  8:37  High Templar x2  
  124  8:41  Archon  
  124  8:45  Zealot x2  
  128  8:51  Pylon  
  106  9:13  High Templar x2, Zealot x2  
  106  9:14  Zealot x3  
  120  9:17  Zealot  
  120  9:18  Archon  
  98  9:36  Zealot x5  
  104  9:43  Zealot  
  90  9:48  High Templar x2  
  84  9:52  Archon  
  77  10:00  Zealot x3  
  77  10:02  High Templar x2  
  77  10:05  Zealot  
  77  10:06  Archon  
  75  10:32  Zealot x3  
  69  10:35  Zealot  
  69  10:38  Zealot  
  73  10:43  High Templar x2, Zealot  
Tags
 
Add a new tag
Caveats
  • Supply blocks, unpowered buildings, or Contaminate may cause inaccurate times.
  • Supply counts are checked every 10 seconds.